 Dungeon Crawl Stone Soup version 0.28.0-62-gf88900778d (webtiles) character file.

Game seed: 4765894380182770326

190 Rokas666666 the Skirmisher (level 5, 47/47 HPs)
             Began as a Minotaur Abyssal Knight on Nov 12, 2023.
             Was a Believer of Lugonu.
             Quit the game on level 3 of the Dungeon on Nov 13, 2023.
             The game lasted 00:10:12 (2418 turns).

Rokas666666 the Skirmisher (MiAK)                   Turns: 2418, Time: 00:10:12

Health: 47/47      AC: 11    Str: 19    XL:     5   Next: 41%
Magic:  6/6        EV: 12    Int:  7    God:    Lugonu [**....]
Gold:   112        SH:  0    Dex: 11    Spells: 4/4 levels left

rFire   . . .      SeeInvis .   a - +1 mace
rCold   . . .      Faith    .   (no shield)
rNeg    . . .      Spirit   .   b - +0 leather armour
rPois   .          Reflect  .   m - +2 hat
rElec   .          Harm     .   n - +0 cloak
rCorr   .          Rampage  .   g - +0 pair of gloves
Will    .....                   (no boots)
Stlth   +.........              (no amulet)
HPRegen 0.15/turn               l - +4 ring of protection
MPRegen 0.10/turn               (no ring)

@: no status effects
A: horns 2, retaliatory headbutt
a: Renounce Religion, Depart the Abyss, Bend Space


You were on level 3 of the Dungeon.
You worshipped Lugonu.
Lugonu was pleased with you.
You visited 1 branch of the dungeon, and saw 3 of its levels.
You visited the Abyss 1 time.

You collected 112 gold pieces.

Inventory:

Hand Weapons
 a - a +1 mace (weapon)
Armour
 b - a +0 leather armour (worn)
 g - a +0 pair of gloves (worn)
 m - a +2 hat (worn)
 n - a +0 cloak (worn)
Jewellery
 l - a +4 ring of protection (left hand)
Wands
 o - a wand of paralysis (3)
Scrolls
 c - a scroll of identify {unknown}
 f - a scroll of blinking {unknown}
 i - a scroll of torment {unknown}
 j - a scroll of noise
 k - a scroll of immolation {unknown}
 p - a scroll of enchant armour {unknown}
Potions
 d - 4 potions of curing {unknown}
 e - a potion of attraction {unknown}
 h - a potion of resistance {unknown}


   Skills:
 * Level 4.7 Fighting
 + Level 4.1 Maces & Flails
 * Level 3.1 Armour
 * Level 2.8 Dodging
 * Level 2.8 Invocations


You had 4 spell levels left.
You didn't know any spells.
Your spell library was empty.

Dungeon Overview and Level Annotations

Branches:
Dungeon (3/15)

Altars:
Hepliaklqana
Vehumet

Annotations:
D:3 1 runed translucent door


Innate Abilities, Weirdness & Mutations

You have a pair of horns on your head.
You reflexively headbutt those who attack you in melee.


Message History

a +0 dagger; a kobold corpse You see here a giant cockroach corpse.
Magic restored.
There is a stone staircase leading up here.
You climb upwards.
There is a stone staircase leading down here.
HP restored.
Things that are here:
a stone; a +0 dagger
There is a stone staircase leading down here.
You climb downwards.
There is a stone staircase leading up here.
You see here an adder skeleton.
There is an open translucent door here.
You see here a ball python skeleton.
You enter the shallow water.
Moving in this stuff is going to be slow.
Found a runed translucent door.
d - 4 red potions (gained 1)
There is a collapsed entrance here.
You can't go down here!
You enter the shallow water.
Moving in this stuff is going to be slow.
There is an open translucent door here.
You see here a ball python skeleton.
You now have 112 gold pieces (gained 16).
There is an open door here.
Found a stone staircase leading up.
Found a stone staircase leading down.
There is an open door here.
A goblin comes into view. It is wielding a +0 dagger.
The goblin shouts!
Unknown command.
Saving game... please wait.
Level annotation: 1 runed translucent door Welcome back, Rokas666666 the Minotaur Abyssal Knight.
Lugonu says: Spread carnage and corruption!
Press ? for a list of commands and other information.
Unknown command.
Are you sure you want to abandon this character and quit the game? (Confirm with "yes".)

###### ###
#....##############..
#....'..............#
#...@#############..<
#....# #... #....#
#... #....#
#########... #.....
>........... ......
.########.## ..g....
.......... #........
........## ##########


You could see a goblin.

Vanquished Creatures
  The ghost of Wanderer2 the Magician, an amateur OpWz (D:3)
  A hound skeleton (D:3)
  3 adders (D:3)
  A river rat (D:3)
  A dart slug (D:1)
  8 ball pythons
  10 bats
  An endoplasm (D:1)
  3 giant cockroaches
  4 goblins
  7 hobgoblins
  6 kobolds
  3 quokkas (D:2)
  2 frilled lizards (D:1)
  22 rats
73 creatures vanquished.

Vanquished Creatures (others)
  2 plants (D:3)
2 creatures vanquished.

Grand Total: 75 creatures vanquished

Notes
Turn   | Place    | Note
-------+----------+-------------------------------------------
     0 | Abyss:1  | Rokas666666 the Minotaur Abyssal Knight began the quest for
                  | the Orb.
     0 | Abyss:1  | Reached XP level 1. HP: 19/19 MP: 1/1
     9 | Abyss:1  | Found a corrupted altar of Lugonu.
    32 | D:1      | Escaped the Abyss
   290 | D:1      | Reached * piety under Lugonu
   320 | D:1      | Reached XP level 2. HP: 23/27 MP: 2/2
  1046 | D:1      | Found a faded altar of an unknown god.
  1050 | D:1      | Reached XP level 3. HP: 29/33 MP: 3/3
  1336 | D:2      | Found a radiant altar of Vehumet.
  1772 | D:2      | Reached ** piety under Lugonu
  1928 | D:3      | Found a hazy altar of Hepliaklqana.
  1957 | D:3      | Found a runed translucent door.
  1962 | D:3      | Reached XP level 4. HP: 41/41 MP: 4/4
  1970 | D:3      | Noticed Wanderer2's ghost (amateur OpWz)
  2070 | D:3      | Killed Wanderer2's ghost
  2071 | D:3      | Reached XP level 5. HP: 21/47 MP: 4/6
  2356 | D:3      | Found a runed translucent door.
  2418 | D:3      | Quit the game

Illustrated notes

Levels and vault maps discovered:
D:1:      heliophobic_arrival_ceremonial_halls, layout_basic,
          hellmonk_ecumenical_altar_prayer_group
D:2:      layout_basic, basic_altar, minmay_rat_hole
D:3:      layout_basic, tso_metal_star, nicolae_hepliaklqana_hazy_memory,
          ebering_ghost_sewer_f, uniq_ijyb

Skill      XL: |  1  2  3  4 |
---------------+-------------+-----
Fighting       | 4 |  4.7
Invocations    | 2 |  2.8
Maces & Flails | 3 4 |  4.1
Dodging        | 2 |  2.8
Armour         | 3 |  3.1

Action                   |  1- 3 |  4- 6 || total
-------------------------+-------+-------++-------
Melee: Mace              |   114 |    30 ||   144
       Headbutt          |     7 |     4 ||    11
       Punch             |     1 |       ||     1
Invok: Depart the Abyss  |     1 |       ||     1
  Use: Scroll            |       |     1 ||     1
Armor: Leather armour    |    54 |    20 ||    74
Dodge: Dodged            |    82 |    25 ||   107
